Map: Turbo Cruise '84 LE

Players

SkyGF - Winner!

  • Race: Zerg Zerg
  • League: Gold
  • Spawn Location: 3:00

Takker

  • Race: Protoss Protoss
  • Spawn Location: 7:00

VOD

Have the link to the VOD?

Description

Time

  • Played on: May 26, 2019, 2:10 p.m.
  • Length: 11:22
Show
View Real Time Build Order
Export as new Build Order

SkyGF Zerg - Winner!

Build Orders: Hatch First 

Get SALT Encoding   

  12  0:01  Drone  
  13  0:11  Drone  
  14  0:35  Hatchery  
  13  0:38  Drone  
  14  0:55  Spawning Pool  
  13  1:03  Drone  
  14  1:07  Extractor  
  14  1:09  Drone  
  14  1:24  Overlord  
  14  1:37  Overlord  
  14  1:41  Queen  
  16  1:48  Roach Warren  
  15  2:01  Drone x2  
  15  2:05  Drone  
  15  2:07  Drone  
  19  2:12  Drone  
  20  2:30  Lair  
  20  2:32  Drone  
  21  2:43  Drone x2  
  21  2:44  Drone x2  
  25  2:48  Extractor  
  25  2:50  Drone  
  25  2:57  Drone x2  
  27  3:03  Overlord  
  27  3:11  Drone x3  
  30  3:15  Drone  
  31  3:22  Drone x2  
  31  3:24  Metabolic Boost  
  33  3:34  Drone x3  
  36  3:37  Overlord  
  36  3:55  Drone x4  
  40  3:56  Extractor x2  
  39  4:10  Drone x2  
  39  4:16  Drone  
  41  4:30  Drone x4  
  45  4:33  Overlord x2  
  45  4:41  Roach x3  
  45  4:44  Drone  
  52  4:49  Tunneling Claws  
  52  4:55  Lair  
  52  4:57  Hatchery  
  51  5:00  Spire  
  51  5:02  Overlord x2  
  50  5:07  Drone x2  
  52  5:22  Overlord  
  52  5:23  Overlord x3  
  52  5:28  Pneumatized Carapace  
  52  5:37  Nydus Network  
  52  5:41  Roach x4  
  59  6:00  Drone x2  
  59  6:01  Drone  
  62  6:07  Glial Reconstitution  
  62  6:08  Roach  
  62  6:11  Hatchery  
  63  6:17  Hydralisk Den  
  62  6:26  Queen  
  64  6:33  Burrow  
  64  6:36  Corruptor x3  
  64  6:37  Corruptor x2  
  74  6:41  Drone x3  
  77  6:50  Spore Crawler  
  77  6:53  Overseer  
  76  6:55  Overseer  
  76  7:05  Roach x6  
  76  7:07  Drone x2  
  90  7:20  Overlord x2  
  90  7:23  Overlord  
  90  7:24  Drone x2  
  92  7:32  Overseer  
  92  7:36  Mutalisk x4  
  100  7:49  Mutalisk x3  
  100  7:51  Drone x2  
  108  7:53  Extractor  
  108  7:57  Roach x14  
  108  7:58  Extractor, Drone x3  
  109  8:08  Mutalisk x2  
  109  8:12  Roach  
  115  8:19  Roach x14  
  115  8:28  Zergling x12  
  115  8:31  Overlord  
  115  8:32  Overlord x2  
  121  9:03  Mutalisk x4  
  121  9:04  Mutalisk x2, Roach x14  
  121  9:07  Drone x3  
  121  9:09  Overlord x3  
  136  9:24  Roach x14  
  136  9:35  Roach x13  
  136  9:49  Hatchery  
  133  9:54  Roach x4  
  133  9:55  Mutalisk x2, Roach x8  
  133  9:56  Mutalisk x4  
  143  10:19  Mutalisk x3  
  143  10:20  Mutalisk  
  151  10:28  Mutalisk  
  151  10:30  Drone x2  
  151  10:31  Drone  
  156  10:56  Zergling x4  
  156  10:57  Zergling x14  
Show
View Real Time Build Order
Export as new Build Order

Takker Protoss 

Build Orders:  

Get SALT Encoding   

  12  0:02  Probe  
  13  0:14  Probe  
  14  0:26  Probe  
  14  0:28  Pylon  
  15  0:46  Probe  
  16  0:58  Probe, Gateway  
  17  1:05  Pylon  
  17  1:06  Probe  
  17  1:09  Assimilator  
  18  1:14  Probe  
  19  1:24  Probe  
  19  1:25  Gateway  
  20  1:35  Assimilator  
  20  1:36  Probe  
  21  1:45  Probe  
  21  1:54  Probe  
  23  2:04  Probe  
  24  2:15  Zealot  
  24  2:16  Probe  
  24  2:19  Nexus  
  27  2:28  Probe  
  28  2:30  Pylon  
  28  2:36  Pylon  
  28  2:39  Pylon  
  28  2:40  Probe  
  28  2:43  Zealot  
  30  2:55  Probe  
  31  3:07  Probe  
  31  3:10  Zealot, Gateway  
  34  3:19  Probe  
  35  3:30  Probe  
  35  3:31  Probe  
  37  3:38  Probe  
  37  3:39  Assimilator  
  37  3:43  Probe  
  37  3:44  Assimilator  
  37  3:48  Probe  
  41  3:55  Probe  
  41  3:58  Cybernetics Core  
  41  4:00  Probe  
  42  4:03  Forge  
  42  4:07  Probe  
  42  4:09  Zealot  
  45  4:13  Zealot, Probe  
  46  4:19  Probe  
  49  4:25  Probe  
  50  4:32  Probe  
  50  4:37  Probe  
  50  4:38  Stalker  
  52  4:39  Stalker  
  52  4:44  Probe  
  57  4:49  Probe  
  58  5:01  Probe  
  58  5:03  Stargate  
  58  5:05  Pylon  
  59  5:07  Pylon  
  59  5:08  Stalker  
  59  5:09  Stalker, Pylon  
  59  5:12  Pylon  
  63  5:22  Probe  
  63  5:23  Protoss Ground Weapons Level 1  
  64  5:34  Probe  
  65  5:38  Sentry  
  65  5:39  Sentry  
  69  5:46  Probe  
  70  5:51  Void Ray  
  70  5:58  Stalker x2, Probe  
  75  6:05  Nexus  
  79  6:24  Stalker  
  79  6:25  Stalker  
  83  6:33  Void Ray  
  87  6:47  Assimilator  
  87  6:48  Assimilator  
  87  6:54  Stalker  
  87  6:56  Sentry  
  91  7:12  Pylon  
  91  7:15  Pylon  
  91  7:16  Void Ray  
  91  7:19  Fleet Beacon, Pylon  
  91  7:21  Probe, Pylon  
  91  7:22  Sentry  
  98  7:24  Pylon  
  98  7:28  Pylon  
  98  7:30  Pylon  
  98  7:31  Protoss Ground Armor Level 1  
  98  7:32  Sentry  
  98  7:33  Probe  
  101  7:45  Probe  
  101  7:48  Stalker  
  104  7:55  Gateway  
  104  7:57  Probe  
  107  7:58  Zealot  
  107  7:59  Stargate  
  107  8:18  Zealot  
  108  8:25  Zealot  
  99  8:35  Tempest  
  96  8:45  Zealot  
  86  8:52  Zealot  
  88  9:12  Zealot  
  88  9:15  Photon Cannon  
  90  9:18  Tempest  
  90  9:19  Zealot, Photon Cannon  
  90  9:22  Photon Cannon  
  96  9:47  Photon Cannon  
  96  9:53  Photon Cannon  
  96  9:54  Probe  
  96  9:57  Probe  
  96  10:00  Probe  
  96  10:05  Pylon  
  96  10:06  Probe  
  97  10:07  Pylon  
  97  10:09  Probe  
  97  10:10  Pylon  
  97  10:12  Probe  
  99  10:18  Probe  
  99  10:21  Probe  
  99  10:24  Probe  
  99  10:27  Zealot x3  
  106  10:30  Probe  
  106  10:33  Probe  
  108  10:37  Probe  
  104  10:43  Probe  
  104  10:45  Probe  
  104  10:49  Probe  
  107  10:54  Zealot x2  
Tags
 
League
Gold
Matchup
PvZ
Replay Pack
Up to May 28th
Spawn Locations
Cross Positions
Add a new tag
Caveats
  • Supply blocks, unpowered buildings, or Contaminate may cause inaccurate times.
  • Supply counts are checked every 10 seconds.